 Dungeon Crawl Stone Soup version 0.31-a0-154-g56bf346678 (webtiles) character file.

Game seed: 1438257967100339143

6729 nicknak712 the Protected (level 10, 0/79 HPs)
             Began as a Demonspawn Fighter on June 12, 2023.
             Was an Initiate of Ashenzari.
             Slain by a two-headed ogre
             ... wielding a +0 giant club
              (14 damage)
             ... on level 9 of the Dungeon.
             The game lasted 00:33:52 (9541 turns).

nicknak712 the Protected (Demonspawn Fighter)       Turns: 9541, Time: 00:33:52

Health: 0/79       AC: 15    Str: 21    XL:     10   Next: 75%
Magic:  0/11       EV:  9    Int: 10    God:    Ashenzari [......]
Gold:   405        SH: 11    Dex: 18    Spells: 9/9 levels left

rFire   + + .        q - +3 hand axe (flame)
rCold   . . .        C - +0 kite shield
rNeg    . . .        N - +4 ring mail
rPois   .            (no helmet)
rElec   .            (no cloak)
rCorr   .            F - +0 pair of gloves
SInv    .            (no boots)
Will    .....        e - amulet of guardian spirit
Stlth   +            p - ring of protection from fire
HPRegen 0.33/turn    D - +6 ring of dexterity
MPRegen 0.12/turn

%: guardian spirit
@: no status effects
A: hooves 1, thin metallic scales 2, demonic guardian 2, fire resistance 1, high
MP 1
a: Renounce Religion, Curse Item


You were on level 9 of the Dungeon.
You worshipped Ashenzari.
Ashenzari was noncommittal.
You visited 2 branches of the dungeon, and saw 10 of its levels.
You also visited: Sewer.

You collected 405 gold pieces.

Inventory:

Hand Weapons
 a - a +0 war axe
 l - a +3 great sword
 q - a +3 hand axe of flaming (weapon)
 t - a +0 heavy falchion
 u - a +2 hand axe of venom
 H - a +4 mace
 I - a +3 falchion of freezing
 J - a +1 flail of pain
 K - a +5 hand axe
Missiles
 f - a throwing net
Armour
 b - a +1 scale mail
 c - a +0 buckler
 d - +0 steam dragon scales
 j - a +0 chain mail
 C - a +0 kite shield (worn)
 F - a +0 pair of gloves (worn)
 N - a +4 ring mail (worn)
 Q - the +3 hat of Pondering {ponderous, Will+ MP+10 Int+5}
   (You took it off Gastronok on level 8 of the Dungeon)

   Int:       It affects your intelligence (+5).
   MP:        It affects your magic capacity (+10).
   Will:      It increases your willpower.
Jewellery
 e - an amulet of guardian spirit (around neck)
 h - a ring of poison resistance
 i - a +5 ring of evasion
 p - a ring of protection from fire (left hand)
 y - a ring of fire
 A - an amulet of faith
 D - a +6 ring of dexterity (right hand)
Scrolls
 r - 2 scrolls of vulnerability
 v - a scroll of poison
 x - 4 scrolls of teleportation
 z - a scroll of identify
 L - a scroll of noise {unknown}
Potions
 g - 2 potions of ambrosia
 k - 3 potions of mutation
 m - a potion of resistance {unknown}
 n - 3 potions of brilliance
 o - a potion of magic
 s - a potion of lignification {unknown}
 w - a potion of invisibility
 B - 3 potions of attraction {unknown}
 E - a potion of cancellation {unknown}
 G - 2 potions of enlightenment {unknown}
 M - a potion of heal wounds {unknown}
 O - a potion of degeneration {unknown}


   Skills:
 + Level 7.3 Fighting
 * Level 9.1 Axes
 * Level 9.2 Armour
 + Level 6.7 Shields


You had 9 spell levels left.
You didn't know any spells.
Your spell library contained the following spells:

 Spells                   Type           Power      Damage    Failure   Level
 Apportation              Tloc           0%         N/A       77%         1
 Slow                     Hex            0%         N/A       77%         1
 Confusing Touch          Hex            0%         N/A       98%         3
 Dazzling Flash           Conj/Hex       0%         N/A       98%         3
 Vampiric Draining        Necr           0%         2d6       98%         3
 Agony                    Necr           0%         N/A       100%        5
 Alistair's Intoxication  Tmut/Pois      0%         N/A       100%        5
 Silence                  Hex/Air        0%         N/A       100%        5


Dungeon Overview and Level Annotations

Branches:
Dungeon (9/15)             Temple (1/1) D:7           Sewer (visited)
   Lair: D:8-11         Orc: D:9-12

Altars:
Ashenzari
Cheibriados
Dithmenos
Fedhas
Gozag
Hepliaklqana
Kikubaaqudgha
Makhleb
Nemelex Xobeh
Okawaru
Qazlal
Ru
Sif Muna
Trog
Uskayaw
Vehumet
Wu Jian
Xom
Yredelemnul

Shops:
D:1 (


Innate Abilities, Weirdness & Mutations

You have large cloven feet.
You are mostly covered in thin metallic scales. (AC +3)
A demonic guardian rushes to your aid.
Your flesh is heat resistant. (rF+)
You have an increased reservoir of magic. (+10% MP)


Message History

The two-headed ogre hits you with a +0 giant club!
You hit the two-headed ogre but do no damage.
You kick the two-headed ogre.
The two-headed ogre is lightly wounded.
You hit the two-headed ogre. You burn the two-headed ogre.
You kick the two-headed ogre.
The two-headed ogre is moderately wounded.
You block the two-headed ogre's attack.
The two-headed ogre hits you but does no damage.
You hit the two-headed ogre. You burn the two-headed ogre.
You kick the two-headed ogre.
The two-headed ogre is heavily wounded.
You hit the two-headed ogre. You burn the two-headed ogre.
You kick the two-headed ogre.
The two-headed ogre is heavily wounded.
The two-headed ogre hits you with a +0 giant club!! x2
* * * LOW HITPOINT WARNING * * *
A demonic guardian appears!
You hit the two-headed ogre. You burn the two-headed ogre.
You kick the two-headed ogre.
The two-headed ogre is severely wounded.
An orc wizard comes into view. It is wielding a +0 dagger.
The two-headed ogre hits you with a +0 giant club!
* * * LOW HITPOINT WARNING * * *
The two-headed ogre hits you with a +0 giant club.
* * * LOW HITPOINT WARNING * * *
You feel better.
The sentinel's mark upon you fades away.
Your hellwing barely misses the two-headed ogre. x2
You feel better.
A troll comes into view.
The two-headed ogre closely misses you.
The two-headed ogre hits you with a +0 giant club.
* * * LOW HITPOINT WARNING * * *
Your hellwing barely misses the two-headed ogre. x2
An orc wizard comes into view. It is wielding a +2 dagger of venom.
You hit the two-headed ogre. You burn the two-headed ogre.
The two-headed ogre is almost dead.
The two-headed ogre hits you with a +0 giant club!
You die...

... ...... ... .....#
######.. .o...# #....#.####+#
#oo..# #####....#.#.....
#.{..#
.........#.#......#o...#
.......4@#.#.)....#o...#
.#.#...#O#.#....O.'....#
........ooo########....#
.#.#..#..#oo.....o......#
.........#.oT...o.......#
.#.#._.#.#..#................
............#................
#..#.#..#..######...........
. ...............#######.....


You could see a two-headed ogre (ally target), a troll, an orc warrior, 2 orc
wizards, 2 orcs and a friendly hellwing (summoned).

Vanquished Creatures
  A two-headed ogre (D:8)
  Grinder (Sewer)
  A shadow (D:9)
  2 steam dragons
  2 water moccasins
  2 ice beasts
  2 orc warriors
  2 black bears
  2 sky beasts
  An ogre (D:4)
  2 centaurs
  A phantom (D:4)
  2 kobold brigands (Sewer)
  6 bullfrogs
  5 scorpions
  A necrophage (Sewer)
  9 wights
  3 killer bees (D:7)
  4 howler monkeys
  A jelly (D:5)
  4 hounds
  5 orc priests
  A gnoll bouda (D:7)
  Jessica (D:3)
  9 iguanas
  3 sleepcaps (D:6)
  13 orc wizards
  5 adders
  3 gnolls (D:7)
  2 river rats (D:4)
  4 shadow imps (Sewer)
  A white imp (D:6)
  2 ufetubi (Sewer)
  3 worms
  5 dart slugs
  32 orcs
  A bat zombie (Sewer)
  5 endoplasms
  5 giant cockroaches
  7 goblins
  9 hobgoblins
  A jackal (D:2)
  28 kobolds
  5 quokkas
  8 ball pythons
  3 bats
  4 frilled lizards
  A kobold zombie (Sewer)
  2 rats
222 creatures vanquished.

Vanquished Creatures (collateral kills)
  Gastronok (D:8)
  A centaur (D:6)
  3 wights
  An iguana (D:6)
  A sleepcap (D:7)
  An orc (D:3)
8 creatures vanquished.

Vanquished Creatures (others)
  A killer bee (D:7)
  An orc wizard (D:9)
2 creatures vanquished.

Grand Total: 232 creatures vanquished

Notes
Turn   | Place    | Note
-------+----------+-------------------------------------------
     0 | D:1      | nicknak712 the Demonspawn Fighter began the quest for the
                  | Orb.
     0 | D:1      | Reached XP level 1. HP: 18/18 MP: 1/1
   100 | D:1      | Found Cativugg's Weapon Emporium.
   202 | D:1      | Gained mutation: You are partially covered in thin metallic
                  | scales. (AC +2) [demonic ancestry]
   202 | D:1      | Reached XP level 2. HP: 20/24 MP: 2/2
   369 | D:1      | You fall into a shaft and drop 1 floor!
  1097 | D:2      | Reached XP level 3. HP: 17/29 MP: 0/3
  1407 | D:2      | Gained mutation: You have large cloven feet. [demonic
                  | ancestry]
  1407 | D:2      | Reached XP level 4. HP: 34/35 MP: 2/4
  1914 | D:3      | Gained mutation: A weak demonic guardian rushes to your
                  | aid. [demonic ancestry]
  1914 | D:3      | Reached XP level 5. HP: 41/41 MP: 5/5
  1967 | D:3      | Found a faded altar of an unknown god.
  2313 | D:3      | Noticed Jessica
  2319 | D:3      | Killed Jessica
  2380 | D:3      | Gained mutation: You have a pair of small antennae on your
                  | head. [potion of mutation]
  2380 | D:3      | Gained mutation: Your body sometimes deteriorates upon
                  | taking damage. [potion of mutation]
  2381 | D:3      | Lost mutation: Your body sometimes deteriorates upon taking
                  | damage. [potion of mutation]
  2381 | D:3      | Lost mutation: You have a pair of small antennae on your
                  | head. [potion of mutation]
  2381 | D:3      | Gained mutation: You have an increased reservoir of magic.
                  | (+10% MP) [potion of mutation]
  2381 | D:3      | Gained mutation: Your flesh is heat resistant. (rF+)
                  | [potion of mutation]
  2470 | D:3      | Reached XP level 6. HP: 40/48 MP: 3/6
  3094 | D:4      | Found a glowing drain.
  3103 | Sewer    | Entered a sewer
  3216 | Sewer    | Found an ancient bone altar of Kikubaaqudgha.
  3224 | Sewer    | Reached XP level 7. HP: 47/54 MP: 5/7
  3288 | Sewer    | Noticed Grinder
  3299 | Sewer    | Killed Grinder
  3300 | Sewer    | Reached skill level 5 in Armour
  3376 | Sewer    | Reached skill level 5 in Axes
  3553 | D:4      | Gained mutation: You are mostly covered in thin metallic
                  | scales. (AC +3) [demonic ancestry]
  3553 | D:4      | Reached XP level 8. HP: 35/61 MP: 5/8
  4293 | D:4      | Reached skill level 5 in Fighting
  4898 | D:5      | Entered Level 5 of the Dungeon
  5099 | D:5      | Found a bloodstained altar of Trog.
  5892 | D:6      | Reached skill level 5 in Shields
  6034 | D:6      | Gained mutation: A demonic guardian rushes to your aid.
                  | [demonic ancestry]
  6034 | D:6      | Reached XP level 9. HP: 58/68 MP: 7/9
  7773 | D:7      | Found a staircase to the Ecumenical Temple.
  7786 | Temple   | Entered the Ecumenical Temple
  7836 | Temple   | Became a worshipper of Ashenzari the Shackled
  8099 | D:7      | Reached XP level 10. HP: 22/77 MP: 4/11
  8479 | D:8      | Found a shadowy altar of Dithmenos.
  8480 | D:8      | Found an iron altar of Okawaru.
  8482 | D:8      | Found an opulent altar of Gozag.
  8482 | D:8      | Found a burning altar of Makhleb.
  8484 | D:8      | Found an ornate altar of the Wu Jian Council.
  8850 | D:8      | Noticed Gastronok
  8865 | D:8      | Killed Gastronok
  8983 | D:8      | Noticed a two-headed ogre
  8992 | D:8      | Killed a two-headed ogre
  9471 | D:9      | Found a radiant altar of Vehumet.
  9502 | D:9      | Noticed a two-headed ogre
  9541 | D:9      | Slain by a two-headed ogre

Illustrated notes

Levels and vault maps discovered:
D:1:      psy_arrival_radial01, layout_basic, serial_shops,
          nicolae_shop_tiny_glass, serial_corexii_hall, corexii_hall_statues_l,
          chequers_hall_statues_corner_a, chequers_hall_statues_corner_a,
          chequers_hall_statues_y, chequers_hall_statues_y, minmay_misc_feat_x,
          minmay_heptomino_d4
D:2:      layout_basic, minmay_misc_feat_chi, minmay_unequal
D:3:      layout_basic, hellmonk_ecumenical_altar_prayer_group, uniq_jessica
D:4:      layout_layer_cave, cheibrodos_sewer_entry_sluice,
          minmay_fractal_squares_gapless_5
D:5:      layout_gridville, bloody_trog, uniq_grinder
D:6:      layout_loops_corners, nicolae_tso_carved_into_rock
D:7:      layout_cave_pools, minmay_temple_entry_sparse_star
D:8:      layout_basic, grunt_temple_overflow_open, uniq_gastronok
D:9:      gammafunk_beogh_shrine, layout_irregular_city,
          nicolae_vehumet_radiance, ebering_ghost_disaster_area
Temple:   dshaligram_water_room_temple

Skill      XL: |  1  2  3  4  5  6  7  8  9 10 |
---------------+-------------------------------+-----
Axes           | 2 3 4 5 6 8 9 |  9.1
Armour         | 3 4 5 6 8 9 |  9.2
Shields        | 3 4 5 6 |  6.7
Fighting       | 4 5 6 7 |  7.3

Action                     |  1- 3 |  4- 6 |  7- 9 | 10-12 || total
---------------------------+-------+-------+-------+-------++-------
  Melee: War axe           |   119 |    15 |       |       ||   134
         Hand axe          |       |   106 |   376 |   113 ||   595
         Kick              |       |    36 |   117 |    36 ||   189
    Use: Scroll            |       |     8 |     6 |       ||    14
         Potion            |       |     3 |     8 |     5 ||    16
   Stab: Distracted        |       |       |       |     1 ||     1
 Armour: Scale mail        |    60 |   111 |    35 |       ||   206
         Chain mail        |       |       |   123 |    48 ||   171
         Ring mail         |       |       |       |    25 ||    25
  Dodge: Dodged            |    49 |    75 |   120 |    47 ||   291
  Block: Buckler           |    25 |    31 |    44 |       ||   100
         Kite shield       |       |       |   113 |    56 ||   169

Table legend: (Time is in decaauts)
 A = Elapsed time spent in this place.
 B = Non-inter-level travel time spent in this place.
 C = Inter-level travel time spent in this place.
 D = Time resting spent in this place.
 E = Time spent auto-exploring this place.
 F = Levels seen in this place.
 G = Mean time per level.
                   A        B        C        D        E       F      G
               +--------+--------+--------+--------+--------+-----+--------+
         Total |   9645 |   9427 |    218 |   1473 |   6109 |  11 |  876.8 |
       Dungeon |   9046 |   8851 |    195 |   1471 |   5796 |   9 | 1005.1 |
        Temple |    158 |    135 |     23 |      0 |     71 |   1 |  158.0 |
         Sewer |    440 |    440 |      0 |      2 |    241 |   1 |  440.0 |
               +--------+--------+--------+--------+--------+-----+--------+

Top non-repeatable levels by time:
     D:4: 1597 daAuts
     D:6: 1485 daAuts
     D:1: 1103 daAuts
     D:3: 1053 daAuts
     D:7: 965 daAuts
     D:8: 899 daAuts
     D:5: 846 daAuts
     D:2: 773 daAuts
   Sewer: 440 daAuts
     D:9: 321 daAuts
  Temple: 158 daAuts
